 Dungeon Crawl Stone Soup version 0.26-a0-259-g1effd001a9 (webtiles) character file.

Game seed: 15726438082543921339

531054 Apogee the Warrior (level 24, -11/289 (291) HPs)
             Began as a Troll Abyssal Knight on July 15, 2020.
             Was a High Priest of Lugonu.
             Killed from afar by a golden dragon (28 damage)
             ... with a bolt of cold
             ... on level 1 of the Realm of Zot on July 16, 2020.
             The game lasted 03:13:49 (68413 turns).

Apogee the Warrior (Troll Abyssal Knight)          Turns: 68413, Time: 03:13:49

HP:   -11/289 (291) AC: 33    Str: 34 (35) XL:     24   Next: 42%
MP:   26/32         EV:  9    Int:  6      God:    Lugonu [*****.]
Gold: 7232          SH: 26    Dex:  9      Spells: 23/23 levels left

rFire    + . .     SeeInvis .     - Unarmed
rCold    + . .     Faith    .   V - +0 tower shield
rNeg     . . .     Spirit   .   G - +4 gold dragon scales
rPois    +         Reflect  +   (helmet restricted)
rElec    .         Harm     .   y - +1 cloak {rPois}
rCorr    +                      (gloves unavailable)
MR       +....                  (boots unavailable)
Stlth    ..........             U - amulet of reflection (curse)
HPRegen  0.98/turn              S - ring of resist corrosion
MPRegen  0.23/turn              f - +4 ring of protection

@: studying 2 skills, heavily drained
A: large, unfitting armour, claws 3, talons 1, deterioration 1, dopey 1, fast
metabolism 1, regeneration 1, robust 1, shaggy fur 1, tough skin 3, sturdy frame
1
}: 3/15 runes: barnacled, slimy, gossamer
a: Depart the Abyss, Bend Space, Banish, Corrupt, Enter the Abyss, Renounce
Religion


You were on level 1 of the Realm of Zot.
You worshipped Lugonu.
Lugonu was extremely pleased with you.
You were not hungry.

You visited 11 branches of the dungeon, and saw 50 of its levels.
You visited the Abyss 5 times.
You also visited: Trove and Ice Cave.

You collected 8391 gold pieces.
You spent 1159 gold pieces at shops.

Inventory:

Missiles
 I - 14 silver javelins (quivered)
 W - 4 throwing nets
 Y - 5 silver boomerangs
Armour
 y - a +1 cloak of poison resistance (worn)
 G - +4 gold dragon scales (worn)
 V - a +0 tower shield (worn)
Jewellery
 a - a +4 ring of evasion
 f - a +4 ring of protection (right claw)
 m - an uncursed ring of protection from cold
 n - an uncursed ring of fire
 D - a +4 ring of protection
 H - an uncursed ring of positive energy
 P - an uncursed ring of protection from fire {unknown}
 R - an uncursed ring of see invisible
 S - a ring of resist corrosion (left claw)
 U - a cursed amulet of reflection (around neck)
Wands
 t - a wand of acid (56)
 u - a wand of digging (12)
 B - a wand of iceblast (47)
 F - a wand of clouds (6)
 X - a wand of paralysis (8)
Scrolls
 c - 16 scrolls of identify
 e - 25 scrolls of teleportation
 h - 9 scrolls of enchant weapon
 j - 7 scrolls of immolation
 k - 21 scrolls of remove curse
 l - a scroll of summoning
 o - 13 scrolls of amnesia
 q - a scroll of magic mapping
 w - 3 scrolls of silence
 L - 4 scrolls of fog
 N - 3 scrolls of fear
 O - a scroll of enchant armour
Potions
 i - 23 potions of curing
 p - 2 potions of cancellation
 r - 6 potions of flight
 s - 5 potions of magic
 v - 5 potions of lignification
 x - a potion of might
 z - 4 potions of brilliance
 A - 2 potions of berserk rage
 C - a potion of ambrosia
 E - 2 potions of invisibility
 J - 2 potions of mutation
 M - 2 potions of resistance
 Q - 4 potions of stabbing
 T - 5 potions of haste
Books
 d - a manual of Fighting
 g - a manual of Shields
Miscellaneous
 K - a lightning rod (4/4)
 Z - a box of beasts
Comestibles
 b - 55 rations


   Skills:
 - Level 20.1(18.1) Fighting
 + Level 11.9(10.2) Throwing
 - Level 15.0(13.2) Armour
 - Level 15.0(13.2) Dodging
 - Level 14.0(12.3) Shields
 - Level 18.0(16.0) Unarmed Combat
 - Level 14.0(12.2) Invocations


You had 23 spell levels left.
You didn't know any spells.
Your spell library contained the following spells:

 Spells                   Type           Power        Failure   Level
 Animate Skeleton         Necr           #.....       100%        1
 Apportation              Tloc           #.....       100%        1
 Beastly Appendage        Tmut           #.....       100%        1
 Corona                   Hex            #......      100%        1
 Foxfire                  Conj/Fire      #...         100%        1
 Freeze                   Ice            #...         100%        1
 Infusion                 Chrm           #...         100%        1
 Magic Dart               Conj           #...         100%        1
 Pain                     Necr           #...         100%        1
 Sandblast                Erth           #.....       100%        1
 Shock                    Conj/Air       #...         100%        1
 Sting                    Tmut/Pois      #...         100%        1
 Summon Butterflies       Summ           #.......     100%        1
 Summon Small Mammal      Summ           #...         100%        1
 Blink                    Tloc           N/A          100%        2
 Call Imp                 Summ           #.......     100%        2
 Corpse Rot               Necr/Air       N/A          100%        2
 Ensorcelled Hibernation  Hex/Ice        #.....       100%        2
 Passwall                 Tmut/Erth      #.......     100%        2
 Searing Ray              Conj           #.....       100%        2
 Shroud of Golubria       Chrm/Tloc      #.....       100%        2
 Slow                     Hex            #.......     100%        2
 Song of Slaying          Chrm           #.......     100%        2
 Sticks to Snakes         Tmut           #.......     100%        2
 Sublimation of Blood     Necr           #.........   100%        2
 Swiftness                Chrm/Air       #.......     100%        2
 Call Canine Familiar     Summ           #.......     100%        3
 Confusing Touch          Hex            #.......     100%        3
 Conjure Flame            Conj/Fire      #.......     100%        3
 Dazzling Flash           Conj/Hex       #.....       100%        3
 Frozen Ramparts          Ice            #.....       100%        3
 Gell's Gravitas          Tloc           #.........   100%        3
 Ignite Poison            Fire/Tmut/Pois #.......     100%        3
 Inner Flame              Hex/Fire       #.......     100%        3
 Lesser Beckoning         Tloc           #.........   100%        3
 Mephitic Cloud           Conj/Pois/Air  #.......     100%        3
 Ozocubu's Armour         Chrm/Ice       #.......     100%        3
 Portal Projectile        Hex/Tloc       #.....       100%        3
 Recall                   Summ/Tloc      N/A          100%        3
 Spectral Weapon          Hex/Chrm       #.......     100%        3
 Spider Form              Tmut/Pois      #.........   100%        3
 Static Discharge         Conj/Air       #.......     100%        3
 Stone Arrow              Conj/Erth      #.....       100%        3
 Summon Guardian Golem    Hex/Summ       #.......     100%        3
 Teleport Other           Tloc           #.......     100%        3
 Tukima's Dance           Hex            #.......     100%        3
 Vampiric Draining        Necr           #.........   100%        3
 Airstrike                Air            #.........   100%        4
 Animate Dead             Necr           #.........   100%        4
 Cause Fear               Hex            #.........   100%        4
 Dispel Undead            Necr           #.......     100%        4
 Fulminant Prism          Conj/Hex       #.........   100%        4
 Hailstorm                Conj/Ice       #.......     100%        4
 Ice Form                 Ice/Tmut       #.......     100%        4
 Iskenderun's Mystic Bla  Conj/Tloc      #.......     100%        4
 Leda's Liquefaction      Hex/Erth       #.........   100%        4
 Olgreb's Toxic Radiance  Pois           #.......     100%        4
 Passage of Golubria      Tloc           N/A          100%        4
 Petrify                  Tmut/Erth      #.......     100%        4
 Sticky Flame             Conj/Fire      #.......     100%        4
 Summon Ice Beast         Ice/Summ       #.......     100%        4
 Summon Lightning Spire   Summ/Air       #.......     100%        4
 Agony                    Necr           #.......     100%        5
 Alistair's Intoxication  Tmut/Pois      #.......     100%        5
 Aura of Abjuration       Summ           #.........   100%        5
 Blade Hands              Tmut           #.........   100%        5
 Bolt of Magma            Conj/Fire/Erth #.........   100%        5
 Fireball                 Conj/Fire      #.........   100%        5
 Iskenderun's Battlesphe  Conj/Chrm      #.......     100%        5
 Lee's Rapid Deconstruct  Erth           #.........   100%        5
 Lightning Bolt           Conj/Air       #.........   100%        5
 Metabolic Englaciation   Hex/Ice        #.........   100%        5
 Summon Demon             Summ           #.........   100%        5
 Summon Forest            Summ/Tloc      #.........   100%        5
 Summon Mana Viper        Hex/Summ       #.......     100%        5
 Yara's Violent Unravell  Hex/Tmut       #.........   100%        5
 Conjure Ball Lightning   Conj/Air       #.........   100%        6
 Darkness                 Hex            #.........   100%        6
 Dispersal                Tloc           #.........   100%        6
 Eringya's Noxious Bog    Tmut/Pois      #.........   100%        6
 Freezing Cloud           Conj/Ice/Air   #.........   100%        6
 Hydra Form               Tmut           #.........   100%        6
 Invisibility             Hex            #.......     100%        6
 Iron Shot                Conj/Erth      #.........   100%        6
 Ozocubu's Refrigeration  Ice            #.........   100%        6
 Shadow Creatures         Summ           N/A          100%        6
 Simulacrum               Ice/Necr       #.........   100%        6
 Starburst                Conj/Fire      #.........   100%        6
 Statue Form              Tmut/Erth      #........    100%        6
 Dragon Form              Tmut           #.........   100%        7
 Haunt                    Necr/Summ      #.........   100%        7
 Malign Gateway           Summ/Tloc      #.........   100%        7
 Monstrous Menagerie      Summ           #.........   100%        7
 Orb of Destruction       Conj           #.........   100%        7
 Ring of Flames           Chrm/Fire      #.........   100%        7
 Spellforged Servitor     Conj/Summ      #.........   100%        7
 Summon Greater Demon     Summ           #.........   100%        7
 Summon Hydra             Summ           #.........   100%        7
 Controlled Blink         Tloc           N/A          100%        8
 Death's Door             Chrm/Necr      #.........   100%        8
 Disjunction              Tloc           #.........   100%        8
 Ignition                 Fire           #.........   100%        8
 Summon Horrible Things   Summ           #.........   100%        8
 Dragon's Call            Summ           #.........   100%        9
 Shatter                  Erth           #.........   100%        9
 Tornado                  Air            #.........   100%        9


Dungeon Overview and Level Annotations

Branches:
Dungeon (15/15)            Temple (0/1) D:5            Lair (6/6) D:8
 Shoals (4/4) Lair:4       Spider (4/4) Lair:4        Slime (5/5) Lair:6
    Orc (2/2) D:12            Elf (3/3) Orc:2        Vaults (4/5) D:13
  Crypt (1/3) Vaults:2     Depths (5/5) D:15            Zot (1/5) Depths:5
  IceCv (visited)

Altars:
Elyvilon
Makhleb
Qazlal
Trog
Uskayaw
Vehumet
Xom
The Shining One
Beogh
Jiyva
Lugonu

Shops:
D:4 *   D:5 (   D:10 :   D:12 (   Orc:1 !   Orc:2 ([(?   Elf:2 ?   Vaults:2 :((
Depths:1 [(??*   Depths:4 *

Portals:
Hell: Depths:1 Depths:2 Depths:3 Depths:4 Depths:5
Abyss: Depths:3 Depths:4
Pandemonium: Depths:3
Ziggurat: Depths:4

Annotations:
D:4 1 runed translucent door
Lair:2 exclusion: oklob plant
Lair:4 exclusion: 3 oklob plants
Shoals:1 1 runed translucent door, Zituzuw's ghost, adept GnFi
Shoals:2 exclusion: oklob plant
Shoals:3 corrupted
Shoals:4 corrupted
Spider:4 corrupted
Slime:5 corrupted
Orc:2 corrupted
Elf:2 2 runed translucent doors
Elf:3 corrupted, 1 exclusion
Vaults:1 Rov Woulue's ghost, adept MfTm
Vaults:2 corrupted
Vaults:3 corrupted
Depths:2 corrupted
Depths:3 corrupted
Depths:5 corrupted
Zot:1 3 runed translucent doors, corrupted, Juenlang's ghost, adept DDFi


Innate Abilities, Weirdness & Mutations

You are too large for most types of armour.
You have claws for hands.
You have a fast metabolism.
Your natural rate of healing is unusually fast.
You are covered in fur. (AC +1)
You have extremely tough skin. (AC +3)
You have sharp toenails.
Your body sometimes deteriorates upon taking damage.
You are dopey. (Int -2)
You are robust. (+10% HP)
Your movements are slightly less encumbered by armour. (ER -2)


Message History

The bolt of dispelling energy hits you!!
* * * LOW HITPOINT WARNING * * *
The large abomination hits the purple draconian!!
The golden dragon breathes cold at you. The bolt of cold hits you. You resist.
* * * LOW HITPOINT WARNING * * *
The shadow dragon breathes negative energy at you.
The bolt of negative energy hits you!!
You feel drained.
* * * LOW HITPOINT WARNING * * *
Okay, then.
Okay, then.
The thrashing horror tramples something but does no damage. x2
The thrashing horror barely misses something. x2
Something hits the thrashing horror but does no damage.
The bolt of lightning hits the white draconian shifter!!!
A bolt of lightning appears from out of your range of vision.
The white draconian shifter hits something with a cursed +0 long sword!
The golden dragon breathes cold at you. The bolt of cold hits you!! You resist.
You die...

##.^.##...#.q...##...## #####
#.........#†..........# ##...##
##...##.##h...Xd#....#####.....##
.##.##...qX###D..##.##.##.^.....#
..#'#....dX5..#.qD####.'.........
..#†###d.q#XXX..#..#.#.#.........
.##....#q)3X5#..#......+..[......
........3##X5...#.#.##.##.......#
.######.###.3..#@##..#####.....##
##.$#.#[. #..5....'..#.#.##...##
##!!=[(###.5#....#.......#####
#..ZZZ○.#+.......#..#.#...#
##.ZZWZ####.....##..#.#####
#.ZZZZZZ#.##...##..####.#
###+++###..######......##
##............# ###[##..#
#.....####^...####....##.#


You could see a shadow dragon (catching breath), a golden dragon (catching
breath), a purple draconian, a white draconian shifter, a black draconian
annihilator, 3 neutral starcursed masses, a neutral thrashing horror (summoned),
2 neutral large abominations, a neutral sixfirhy (summoned), a neutral iron imp
(summoned), a neutral quasit (summoned), a neutral crimson imp (summoned) and 2
neutral white imps.

Vanquished Creatures
  the Royal Jelly (Slime:5)
  Mara (Spider:3)
  A juggernaut (Depths:2)
  Frederick (Vaults:2)
  5 caustic shrikes
  A golden dragon (Depths:3)
  Nikola (Vaults:3)
  Arachne (Spider:3)
  Jorgrun (Spider:3)
  3 liches
  5 tentacled monstrosities
  The ghost of krystol the Archmage, an adept DEVM of Vehumet (Vaults:2)
  Asterion (Depths:3)
  2 quicksilver dragons
  4 titans
  30 acid blobs
  Polyphemus (Shoals:3)
  2 sphinxes (Vaults:4)
  3 tentacled starspawn
  Agnes (Spider:2)
  2 storm dragons
  18 azure jellies
  4 tengu reavers
  2 shadow dragons
  9 vault wardens
  12 fire giants
  An iron dragon (Depths:3)
  9 frost giants
  2 ghost moths (Spider:4)
  2 deep elf sorcerers
  5 emperor scorpions
  Louise (Depths:4)
  A draconian stormcaller (Depths:5)
  A caustic shrike skeleton (Depths:1)
  3 spriggan defenders
  A draconian annihilator (Depths:5)
  6 ironheart preservers
  15 very ugly things
  3 vampire knights
  15 stone giants
  6 entropy weavers
  3 green draconians
  A black draconian (Depths:5)
  2 deep elf annihilators
  A red draconian (Depths:5)
  2 yellow draconians (Depths:5)
  2 deep elf demonologists
  11 ettins
  11 spark wasps
  14 death oozes
  2 merfolk javelineers (Shoals:4)
  6 jiangshi (Depths:1)
  3 merfolk impalers
  11 yaktaur captains
  3 deep elf death magi
  12 fire dragons
  Erolcha (D:9)
  A deep elf high priest (Elf:1)
  22 great orbs of eyes
  3 vault guards (Vaults:1)
  6 rakshasas
  7 catoblepae
  8 ice dragons
  11 centaur warriors
  An alligator snapping turtle (Shoals:2)
  5 merfolk aquamancers
  2 satyrs
  7 spriggan air magi
  11 ogre magi
  Erica (D:8)
  15 dancing weapons
  9 death yaks
  A queen ant (shapeshifter) (Vaults:2)
  10 deep troll earth magi
  4 vampire magi
  11 spriggan berserkers
  36 two-headed ogres
  5 tengu warriors
  8 deep troll shamans
  An orc high priest (Elf:2)
  A shock serpent (shapeshifter) (Depths:2)
  2 wretched stars (Abyss:1)
  A sun demon (Abyss:1)
  15 deep elf knights
  3 iron trolls (Depths:3)
  A skeletal warrior (Vaults:2)
  2 shadow wraiths
  A spatial maelstrom (Abyss:1)
  A sixfirhy (Depths:3)
  15 sea snakes
  A torturous demonspawn (Depths:3)
  2 flayed ghosts
  17 hell knights
  2 glowing orange brains (shapeshifter)
  5 glowing orange brains
  21 deep trolls
  A lindwurm (Lair:5)
  15 deep elf archers
  2 unseen horrors (D:12)
  2 wizards
  A shadow demon (Depths:3)
  Pikel (D:9)
  12 ironbrand convokers
  21 harpies
  23 wolf spiders
  6 necromancers
  A phantasmal warrior (D:12)
  9 orb spiders
  38 ugly things
  A frost giant zombie (Vaults:1)
  7 orc knights
  7 cyclopes
  13 manticores
  3 shining eyes
  52 deep elf magi
  A sphinx skeleton (Vaults:2)
  5 fauns
  10 elephants
  A frost giant skeleton (Abyss:1)
  Joseph (D:9)
  5 ice statues (IceCv)
  5 moths of wrath
  A worldbinder (Abyss:1)
  9 water nymphs
  4 centaur zombies
  7 black mambas
  A guardian serpent (shapeshifter) (Vaults:3)
  A smoke demon (Depths:3)
  5 spectral swamp worms (Depths:1)
  7 merfolk sirens
  11 vault sentinels
  Maurice (D:13)
  3 torpor snails
  2 human skeletons (Vaults:2)
  Psyche (D:11)
  A rust devil (Depths:3)
  2 eyes of devastation
  13 cane toads
  10 komodo dragons
  Maggie (D:9)
  An elf skeleton (Depths:4)
  2 rime drakes
  49 yaktaurs
  2 komodo dragons (shapeshifter)
  3 ancient zymes (Abyss:1)
  11 demonic crawlers
  A yaktaur (shapeshifter) (D:13)
  9 freezing wraiths
  A hellwing (Abyss:3)
  2 efreet (D:13)
  3 anaconda simulacra (IceCv)
  2 tengu conjurers
  A golden dragon simulacrum (IceCv)
  3 trolls
  A jumping spider (shapeshifter) (Depths:4)
  32 jumping spiders
  2 meliai (shapeshifter)
  22 merfolk
  A queen bee (shapeshifter) (Depths:2)
  A polar bear (Lair:6)
  18 hornets
  6 wind drakes
  132 slime creatures
  A hornet (shapeshifter) (Depths:2)
  12 blink frogs (Lair:4)
  Grinder (D:3)
  An ettin zombie (Depths:1)
  6 snapping turtles
  10 hippogriffs
  A sphinx simulacrum (Depths:4)
  26 dream sheep
  71 redbacks
  Sigmund (D:5)
  A fire giant simulacrum (Depths:4)
  An air elemental (Elf:2)
  A deep troll skeleton (Depths:1)
  An ettin skeleton (Vaults:2)
  4 shadows
  3 wyverns
  A fire dragon skeleton (Depths:1)
  A redback (shapeshifter) (Vaults:4)
  2 dire elephant simulacra (IceCv)
  A vampire (D:13)
  24 tarantellas
  22 water elementals
  3 wraiths
  6 spriggans
  2 fire elementals
  6 basilisks
  39 yaks
  A basilisk (shapeshifter) (Depths:5)
  2 chaos spawn (Abyss:1)
  2 steam dragons
  2 golden eyes (Slime:1)
  A human (shapeshifter) (Depths:2)
  6 large abominations
  2 yaktaur simulacra
  A neqoxec (Depths:3)
  2 elf zombies
  An acid dragon (Vaults:2)
  5 wargs
  A human zombie (Depths:1)
  An insubstantial wisp (Abyss:1)
  A soldier ant (D:12)
  8 water moccasins
  4 porcupines
  10 ice beasts
  A floating eye (Slime:5)
  3 ettin simulacra (IceCv)
  28 orc warriors
  9 sky beasts
  4 starcursed masses (Abyss:1)
  An orc zombie (Vaults:2)
  26 ogres
  3 black bears (shapeshifter)
  5 eyes of draining
  A necrophage (D:9)
  3 phantoms
  20 centaurs
  54 wolves
  The ghost of Esekla the Stinger, an amateur FoVM (D:4)
  18 crocodiles
  23 bullfrogs
  A small abomination (Abyss:1)
  3 yaktaur skeletons (Vaults:1)
  2 wyvern zombies (D:12)
  2 earth elementals
  6 scorpions
  6 killer bees
  8 wights
  2 electric eels
  2 crimson imps
  2 bullfrog zombies
  A wyvern simulacrum (D:13)
  8 jellies
  5 hounds
  24 orc wizards
  5 quasits
  22 orc priests
  An iron imp (Depths:3)
  A bullfrog skeleton (D:13)
  2 centaur skeletons
  4 iguanas
  Natasha (thrice) (D:3)
  14 worker ants
  A hound zombie (D:3)
  2 hound skeletons
  A howler monkey zombie (D:8)
  2 worker ant zombies
  2 howler monkey skeletons
  7 gnolls
  8 adders
  7 shadow imps
  2 white imps
  2 ufetubi
  6 oozes
  3 adder skeletons
  An adder zombie (D:5)
  3 worms (D:2)
  A dart slug (D:1)
  7 leopard geckos
  94 orcs
  19 bats
  11 giant cockroaches
  9 goblins
  3 hobgoblins
  11 jackals
  10 kobolds
  8 quokkas
  4 frilled lizards
  A leopard gecko zombie (D:6)
  2 quokka skeletons
  A quokka zombie (D:5)
  15 rats
  3 crawling corpses
  A plant (Lair:4)
  2 starspawn tentacles
2043 creatures vanquished.

Vanquished Creatures (collateral kills)
  A centaur (Vaults:2)
1 creature vanquished.

Vanquished Creatures (others)
  2 deep elf blademasters (Elf:3)
  A deep elf master archer (Elf:3)
  Ilsuiw (Shoals:3)
  4 deep elf sorcerers (Elf:3)
  A ghost moth (Spider:4)
  A vault warden (Vaults:3)
  A frost giant (Depths:3)
  7 deep elf elementalists (Elf:3)
  2 stone giants (Depths:3)
  4 deep elf demonologists (Elf:3)
  2 vampire knights (Vaults:2)
  A black draconian (Depths:5)
  A purple draconian (Zot:1)
  6 deep elf annihilators (Elf:3)
  3 merfolk impalers (Shoals:4)
  5 merfolk javelineers
  A yaktaur captain (Vaults:2)
  6 deep elf high priests (Elf:3)
  5 hydras
  A spriggan air mage (Depths:5)
  2 ice dragons
  An alligator snapping turtle (Shoals:4)
  3 merfolk avatars (Shoals:4)
  A centaur warrior (Depths:3)
  2 satyrs
  A two-headed ogre (Vaults:2)
  A tengu warrior (Depths:3)
  2 dancing weapons (Elf:3)
  2 ogre magi (Vaults:3)
  5 merfolk aquamancers
  2 death yaks (Shoals:3)
  3 orc high priests (Orc:2)
  An iron troll (Depths:3)
  2 deep trolls (Depths:3)
  A wizard (Vaults:3)
  A glowing orange brain (Slime:5)
  4 orc knights (Orc:2)
  2 orb spiders (Spider:4)
  5 wolf spiders (Spider:4)
  4 deep elf magi
  4 orc sorcerers (Orc:2)
  8 fauns (Shoals:3)
  3 shining eyes (Slime:5)
  A manticore (Shoals:3)
  4 merfolk sirens
  A water nymph (Shoals:3)
  A vault sentinel (Vaults:2)
  8 yaktaurs
  2 jumping spiders (Spider:4)
  5 merfolk
  2 tengu conjurers (Depths:5)
  A troll (Orc:2)
  3 hornets (Depths:3)
  A wind drake (Shoals:1)
  2 slime creatures
  A hippogriff (shapeshifter) (Vaults:2)
  4 snapping turtles
  10 redbacks (Spider:4)
  4 tarantellas (Spider:4)
  3 water elementals
  3 spriggans (Depths:3)
  A water moccasin (Lair:6)
  A floating eye (Depths:2)
  7 orc warriors (Orc:2)
  2 ogres (Vaults:3)
  An earth elemental (Elf:3)
  4 orc wizards (Orc:2)
  4 orc priests (Orc:2)
  3 gnolls (Orc:2)
  6 orcs (Orc:2)
  6 crawling corpses (Elf:3)
  5 fungi
  A lurking horror (Abyss:1)
  41 plants
  22 starspawn tentacles
275 creatures vanquished.

Grand Total: 2319 creatures vanquished

Notes
Turn   | Place    | Note
-------+----------+-------------------------------------------
     0 | Abyss:1  | Apogee the Troll Abyssal Knight began the quest for the
                  | Orb.
     0 | Abyss:1  | Reached XP level 1. HP: 22/22 MP: 1/1
    20 | Abyss:1  | Found a corrupted altar of Lugonu.
    36 | D:1      | Escaped the Abyss
   126 | D:1      | Reached XP level 2. HP: 29/29 MP: 2/2
   342 | D:1      | Reached ** piety under Lugonu
   424 | D:1      | Reached XP level 3. HP: 36/36 MP: 3/3
  1098 | D:2      | Reached skill level 3 in Fighting
  1550 | D:2      | Noticed a moth of wrath
  1553 | D:2      | Found a bloodstained altar of Trog.
  1628 | D:3      | Reached XP level 4. HP: 41/45 MP: 4/4
  1800 | D:3      | Noticed Grinder
  1809 | D:3      | Paralysed by Grinder for 3 turns
  1824 | D:3      | Killed Grinder
  1824 | D:3      | Reached skill level 5 in Unarmed Combat
  1824 | D:3      | Reached XP level 5. HP: 32/53 MP: 5/5
  1824 | D:3      | Reached XP level 6. HP: 37/61 MP: 6/6
  1889 | D:3      | Reached *** piety under Lugonu
  1994 | D:3      | Noticed Natasha
  1998 | D:3      | Killed Natasha
  2065 | D:3      | Noticed Natasha
  2069 | D:3      | Killed Natasha
  2411 | D:3      | Noticed Natasha
  2418 | D:3      | Killed Natasha
  2418 | D:3      | Reached XP level 7. HP: 52/67 MP: 7/7
  2447 | D:3      | Reached XP level 8. HP: 75/75 MP: 7/12
  2732 | D:4      | Found a runed translucent door.
  2759 | D:4      | Found a runed translucent door.
  2906 | D:4      | Found Zibot's General Store.
  2965 | D:4      | Reached **** piety under Lugonu
  3236 | D:4      | Noticed Esekla's ghost (amateur FoVM)
  3425 | D:4      | Killed Esekla's ghost
  3463 | D:4      | Gained mutation: You have sharp toenails. [potion of
                  | mutation]
  3463 | D:4      | Gained mutation: You have a beak for a mouth. [potion of
                  | mutation]
  3494 | D:5      | Entered Level 5 of the Dungeon
  3522 | D:5      | Found a staircase to the Ecumenical Temple.
  3627 | D:5      | Noticed Sigmund
  3644 | D:5      | Killed Sigmund
  3731 | D:5      | Reached XP level 9. HP: 83/83 MP: 13/13
  3809 | D:5      | Found Fonep's Weapon Shoppe.
  4379 | D:5      | Found a burning altar of Makhleb.
  4379 | D:5      | Noticed a green death
  5069 | D:6      | Reached ***** piety under Lugonu
  5360 | D:6      | Reached skill level 10 in Unarmed Combat
  5486 | D:6      | Identified a scroll of acquirement
  5486 | D:6      | Acquired a manual of Fighting
  6146 | D:8      | Noticed Erica
  6162 | D:8      | Killed Erica
  6162 | D:8      | Reached skill level 4 in Fighting
  6162 | D:8      | Reached XP level 10. HP: 72/92 MP: 14/14
  6351 | D:8      | Found a staircase to the Lair.
  6802 | D:9      | Noticed Maggie
  6819 | D:9      | Killed Maggie
  6895 | D:9      | Reached skill level 5 in Fighting
  7054 | D:9      | Noticed Pikel
  7068 | D:9      | Killed Pikel
  7181 | D:9      | Noticed Joseph
  7192 | D:9      | Killed Joseph
  7192 | D:9      | Reached XP level 11. HP: 95/104 MP: 15/15
  7344 | D:9      | Noticed Erolcha
  7356 | D:9      | Killed Erolcha
  7576 | D:10     | Entered Level 10 of the Dungeon
  7753 | D:10     | Found Ipe Zuku's Book Boutique.
  8066 | D:10     | Reached skill level 6 in Fighting
  8583 | D:11     | Noticed a green ugly thing
  8605 | D:11     | Killed a green ugly thing
  8770 | D:11     | Noticed Psyche
  8780 | D:11     | Killed Psyche
  9326 | D:12     | Noticed a two-headed ogre
  9348 | D:12     | Killed a two-headed ogre
  9348 | D:12     | Reached skill level 7 in Fighting
  9435 | Lair:1   | Entered Level 1 of the Lair of Beasts
  9608 | Lair:1   | Reached XP level 12. HP: 104/118 MP: 16/16
  9958 | Lair:1   | Reached ****** piety under Lugonu
 10016 | Lair:1   | Reached skill level 8 in Fighting
 10016 | Lair:1   | Reached skill level 15 in Unarmed Combat
 10460 | Lair:1   | Reached skill level 1 in Armour
 10715 | Lair:2   | Reached skill level 9 in Fighting
 11953 | Lair:3   | Reached skill level 10 in Fighting
 12059 | Lair:3   | Reached XP level 13. HP: 111/133 MP: 17/17
 12748 | D:12     | Found Gixtuq's Antique Weapon Shop.
 12761 | D:12     | You fall into a shaft and drop 3 floors!
 12761 | D:15     | Entered Level 15 of the Dungeon
 12784 | D:15     | Cast into level 2 of the Abyss (a wizard)
 12785 | D:15     | Escaped the Abyss
 13113 | D:13     | Reached skill level 5 in Dodging
 13254 | D:13     | Noticed Maurice
 13264 | D:13     | Killed Maurice
 13408 | D:13     | Reached skill level 11 in Fighting
 13408 | D:13     | Reached skill level 5 in Armour
 13549 | D:13     | Paralysed by a floating eye for 3 turns
 13646 | D:13     | Found a gate to the Vaults.
 14423 | D:12     | Found a staircase to the Orcish Mines.
 14701 | D:12     | Paralysed by a great orb of eyes for 2 turns
 14706 | D:12     | Paralysed by a great orb of eyes for 7 turns
 14722 | D:12     | Paralysed by a great orb of eyes for 3 turns
 14828 | D:12     | Paralysed by a great orb of eyes for 3 turns
 14850 | D:12     | Reached skill level 12 in Fighting
 15508 | Orc:1    | Entered Level 1 of the Orcish Mines
 15745 | Orc:2    | Entered Level 2 of the Orcish Mines
 15869 | Orc:2    | Corrupted Orc:2
 15869 | Orc:2    | Noticed a bone dragon
 15869 | Orc:2    | Noticed a tentacled starspawn
 15869 | Orc:2    | Noticed a cacodemon
 15869 | Orc:2    | Noticed a red draconian
 15870 | Orc:2    | Noticed an eidolon
 15872 | Orc:2    | Reached XP level 14. HP: 118/150 MP: 10/18
 15873 | Orc:2    | Noticed a cacodemon
 15896 | Orc:2    | Noticed a starcursed mass
 15944 | Orc:2    | Found Xolur's Antique Armour Shop.
 15944 | Orc:2    | Found Fiklyq's Weapon Shop.
 15945 | Orc:2    | Found Ceimonu's Magic Scroll Emporium.
 15952 | Orc:2    | Found Voyschyxa's Weapon Emporium.
 16103 | Orc:2    | Found a staircase to the Elven Halls.
 16107 | Orc:2    | Found a roughly hewn altar of Beogh.
 16830 | Orc:1    | Found Agoal's Distillery.
 17383 | Lair:4   | Found a hole to the Spider Nest.
 17908 | Lair:4   | Found a staircase to the Shoals.
 19518 | Lair:6   | Entered Level 6 of the Lair of Beasts
 19601 | Lair:6   | Reached skill level 13 in Fighting
 20282 | Lair:6   | Found a staircase to the Slime Pits.
 20684 | Lair:6   | Reached XP level 15. HP: 108/161 MP: 20/20
 21228 | Shoals:1 | Entered Level 1 of the Shoals
 21844 | Shoals:1 | Reached skill level 14 in Fighting
 22314 | Shoals:1 | Found a runed translucent door.
 22388 | Shoals:1 | Found a shimmering altar of Xom.
 22388 | Shoals:1 | Noticed Zituzuw's ghost (adept GnFi)
 22389 | Shoals:1 | Identified the +3 scythe "Zyarra" {chaos, rPois rC+ MR-
                  | Str+4}
 23495 | Shoals:2 | Reached skill level 15 in Fighting
 24458 | Shoals:3 | Noticed Ilsuiw
 24529 | Shoals:3 | Killed Ilsuiw
 24797 | Shoals:3 | Corrupted Shoals:3
 24798 | Shoals:3 | Noticed a quicksilver dragon
 24993 | Shoals:4 | Entered Level 4 of the Shoals
 25025 | Shoals:4 | Reached XP level 16. HP: 176/176 MP: 21/21
 25676 | Shoals:3 | Noticed Polyphemus
 25715 | Shoals:3 | Killed Polyphemus
 26015 | Shoals:4 | Got a bloodstained shortbow
 26016 | Shoals:4 | Identified the +11 shortbow of the King {flame, MR+ Int+2}
                  | (You found it on level 4 of the Shoals)
 26406 | Shoals:4 | Got a barnacled rune of Zot
 26522 | Shoals:4 | Corrupted Shoals:4
 26970 | Elf:1    | Entered Level 1 of the Elven Halls
 28211 | Elf:2    | Found Guegh's Magic Scroll Boutique.
 28239 | Elf:2    | Reached XP level 17. HP: 79/184 MP: 22/22
 28785 | Elf:2    | Found a runed translucent door.
 28808 | Elf:2    | Found a runed translucent door.
 29431 | Vaults:1 | Entered Level 1 of the Vaults
 29565 | Vaults:1 | Found a large runed translucent door.
 29565 | Vaults:1 | Found a large runed translucent door.
 29566 | Vaults:1 | Noticed Rov Woulue's ghost (adept MfTm)
 29842 | Vaults:1 | Reached skill level 16 in Fighting
 30376 | Vaults:1 | Paralysed by a hornet for 2 turns
 30383 | Vaults:1 | Paralysed by a hornet for 2 turns
 31634 | Vaults:2 | Noticed Frederick
 31647 | Vaults:2 | Killed Frederick
 31801 | Vaults:2 | Found Doergh's Weapon Emporium.
 31897 | Vaults:2 | Found Webitwaxt's Book Shop.
 32068 | Vaults:2 | Paralysed by something for 7 turns
 32079 | Vaults:2 | Corrupted Vaults:2
 32325 | Vaults:2 | Noticed krystol's ghost (adept DEVM)
 32338 | Vaults:2 | Found a runed translucent gate.
 32338 | Vaults:2 | Found a runed translucent gate.
 32338 | Vaults:2 | Found a runed translucent gate.
 32407 | Vaults:2 | Found a staircase to the Crypt.
 32472 | Vaults:2 | Reached XP level 18. HP: 165/198 MP: 23/23
 32476 | Vaults:2 | Reached skill level 10 in Armour
 32569 | Vaults:2 | Reached skill level 10 in Dodging
 32901 | Vaults:2 | Found Qurumi's Weapon Boutique.
 33396 | Vaults:3 | Identified the Grimoire of Shifting Slavery
 33480 | Vaults:3 | Reached skill level 17 in Fighting
 33989 | Vaults:3 | Corrupted Vaults:3
 33996 | Vaults:3 | Noticed a bone dragon
 34883 | Vaults:3 | Noticed Nikola
 35650 | D:15     | Found a glowing golden altar of the Shining One.
 35763 | D:15     | Found a corrupted altar of Lugonu.
 35932 | D:15     | Found a staircase to the Depths.
 36048 | Depths:1 | Entered Level 1 of the Depths
 36419 | Depths:1 | Found Nissoim's Magic Scroll Emporium.
 36419 | Depths:1 | Found Ewantosch's Weapon Shoppe.
 36435 | Depths:1 | Found Japtak Duas's Magic Scroll Emporium.
 36454 | Depths:1 | Found Hucuc's Antique Armour Shoppe.
 36739 | Depths:1 | Reached XP level 19. HP: 211/211 MP: 24/24
 36965 | Depths:1 | Noticed a lich
 36992 | Depths:1 | Killed a lich
 37003 | Depths:1 | Reached skill level 18 in Fighting
 37228 | Depths:1 | Found a hide-covered altar of Uskayaw.
 37287 | Depths:1 | Found a gateway to Hell.
 37518 | Depths:1 | Found Elid's Demolitions Depot.
 37975 | Depths:2 | Corrupted Depths:2
 37975 | Depths:2 | Noticed an ancient lich
 38128 | Depths:2 | Noticed a lich
 38153 | Depths:1 | Killed a lich
 38839 | Depths:2 | Noticed a juggernaut
 39104 | Depths:2 | Killed a juggernaut
 39106 | Depths:2 | Paralysed by a great orb of eyes for 4 turns
 40511 | Depths:2 | Found a stormy altar of Qazlal.
 40511 | Depths:2 | Found a radiant altar of Vehumet.
 40967 | Depths:2 | Found a white marble altar of Elyvilon.
 41003 | Depths:2 | Reached skill level 19 in Fighting
 41183 | Depths:2 | Reached XP level 20. HP: 181/226 MP: 25/25
 42485 | Depths:3 | Reached skill level 20 in Fighting
 42580 | Depths:3 | You fall into a shaft and drop 2 floors!
 42580 | Depths:5 | Entered Level 5 of the Depths
 42581 | Depths:5 | Corrupted Depths:5
 43380 | Depths:4 | Noticed a caustic shrike
 43380 | Depths:4 | Noticed a caustic shrike
 43386 | Depths:4 | Noticed a caustic shrike
 43401 | Abyss:1  | Found a corrupted altar of Lugonu.
 43588 | Depths:5 | Escaped the Abyss
 43599 | Depths:5 | Killed a caustic shrike
 43603 | Depths:5 | Killed a caustic shrike
 43878 | Depths:5 | Got a warped cloak
 43880 | Depths:5 | Identified the +2 cloak "Jejazxaa" {*Slow +Blink rC+++
                  | Str-5} (You found it on level 5 of the Depths)
 44101 | Depths:4 | Noticed a caustic shrike
 44101 | Depths:4 | Noticed a caustic shrike
 44108 | Depths:5 | Killed a caustic shrike
 44125 | Depths:5 | Paralysed by a great orb of eyes for 4 turns
 44334 | Depths:5 | Found a portal to a secret trove of treasure.
 44431 | Depths:5 | Reached XP level 21. HP: 211/237 MP: 27/27
 44488 | Depths:5 | Found a gate to the Realm of Zot.
 45140 | Depths:4 | Found Lytugh's Pet Rocks.
 45159 | Depths:3 | Noticed a golden dragon
 45160 | Depths:3 | Corrupted Depths:3
 45605 | D:5      | Bought the +10 zealot's sword {holy, *Rage rN+ EV+3} for
                  | 1159 gold pieces
 45605 | D:5      | Found the +10 zealot's sword {holy, *Rage rN+ EV+3}
 45859 | Elf:3    | Entered Level 3 of the Elven Halls
 46144 | Elf:3    | Reached skill level 10 in Invocations
 46999 | Elf:3    | Corrupted Elf:3
 48017 | Depths:3 | Killed a golden dragon
 48061 | Depths:2 | Acquired the +1 gold dragon scales of the Catamount {rPois
                  | rF+ rC+ rN+ Int+4 SInv}
 48062 | Depths:2 | Acquired 1280 gold pieces
 48395 | Depths:3 | Found a one-way gate to the infinite horrors of the Abyss.
 48460 | Depths:3 | Noticed Asterion
 48484 | Depths:3 | Killed Asterion
 49254 | Depths:3 | Found a one-way gate leading to the halls of Pandemonium.
 50017 | Depths:4 | Killed a caustic shrike
 50017 | Depths:4 | Reached XP level 22. HP: 247/247 MP: 29/29
 50038 | Depths:4 | Killed a caustic shrike
 50184 | Depths:4 | Found a gateway to a ziggurat.
 50309 | Depths:4 | Noticed Louise
 50319 | Depths:4 | Cast into level 3 of the Abyss (Louise)
 50319 | Abyss:3  | Found a corrupted altar of Lugonu.
 50412 | Depths:4 | Escaped the Abyss
 50417 | Depths:4 | Killed Louise
 50565 | Depths:4 | You fall into a shaft and drop 1 floor!
 51297 | Depths:5 | You paid a toll of zealot's sword to enter a treasure trove
 51298 | Trove    | Entered a treasure trove
 51305 | Trove    | Identified Sif Muna's Catalogue of Displacement and Flight
 51308 | Trove    | Identified Sif Muna's Volume of Unholy Rituals and Changing
 51317 | Trove    | Identified Sif Muna's Almanac of Calling and Intoxication
 51335 | Trove    | Identified Jeicsui's Catalogue of the Escort and Snow
 51759 | Spider:1 | Entered Level 1 of the Spider Nest
 52302 | Spider:1 | Found a roughly hewn altar of Beogh.
 52600 | Spider:2 | Reached skill level 10 in Shields
 52814 | Spider:2 | You fall into a shaft and drop 1 floor!
 52820 | Spider:3 | Noticed Jorgrun
 52832 | Spider:3 | Killed Jorgrun
 52934 | Spider:3 | Noticed Mara
 52953 | Spider:3 | Noticed Apogee's illusion
 52997 | Spider:2 | Found a frozen archway.
 53008 | IceCv    | Entered an ice cave
 53565 | Spider:2 | Noticed Agnes
 53574 | Spider:2 | Killed Agnes
 53836 | Spider:4 | Entered Level 4 of the Spider Nest
 54189 | Spider:4 | Corrupted Spider:4
 54957 | Spider:4 | Got a gossamer rune of Zot
 55207 | Spider:3 | Noticed Apogee's illusion
 55210 | Spider:3 | Noticed Apogee's illusion
 55211 | Spider:3 | Killed Mara
 55413 | Spider:3 | Noticed Arachne
 55424 | Spider:3 | Killed Arachne
 56682 | Slime:1  | Entered Level 1 of the Pits of Slime
 56733 | Slime:1  | Reached XP level 23. HP: 254/254 MP: 31/31
 57007 | Slime:1  | Reached skill level 15 in Armour
 57008 | Slime:1  | Gained mutation: You are frail. (-10% HP) [a shining eye]
 57010 | Slime:1  | Gained mutation: You are clumsy. (Dex -2) [a shining eye]
 57011 | Slime:1  | Gained mutation: You are very frail. (-20% HP) [a shining
                  | eye]
 57015 | Slime:1  | Lost mutation: You are very frail. (-20% HP) [potion of
                  | mutation]
 57015 | Slime:1  | Lost mutation: You are frail. (-10% HP) [potion of
                  | mutation]
 57015 | Slime:1  | Lost mutation: You are clumsy. (Dex -2) [potion of
                  | mutation]
 57015 | Slime:1  | Lost mutation: You have a beak for a mouth. [potion of
                  | mutation]
 57015 | Slime:1  | Gained mutation: You are weak. (Str -2) [potion of
                  | mutation]
 57015 | Slime:1  | Gained mutation: You heal very quickly. [potion of
                  | mutation]
 57015 | Slime:1  | Gained mutation: You expend magic power (3 MP) to
                  | strengthen your wands. [potion of mutation]
 57125 | Slime:1  | Reached skill level 15 in Dodging
 57444 | Slime:5  | Entered Level 5 of the Pits of Slime
 57447 | Slime:5  | Gained mutation: Armour fits poorly on your strangely
                  | shaped body. [a shining eye]
 57833 | Slime:5  | Lost mutation: You expend magic power (3 MP) to strengthen
                  | your wands. [potion of mutation]
 57833 | Slime:5  | Lost mutation: You have sharp toenails. [potion of
                  | mutation]
 57833 | Slime:5  | Gained mutation: You are occasionally teleported next to
                  | monsters. [potion of mutation]
 57833 | Slime:5  | Gained mutation: You are partially covered in slimy green
                  | scales. (AC +2) [potion of mutation]
 57833 | Slime:5  | Gained mutation: Your mind is acute. (Int +2) [potion of
                  | mutation]
 57834 | Slime:5  | Lost mutation: You heal very quickly. [potion of mutation]
 57834 | Slime:5  | Lost mutation: You are partially covered in slimy green
                  | scales. (AC +2) [potion of mutation]
 57834 | Slime:5  | Lost mutation: Armour fits poorly on your strangely shaped
                  | body. [potion of mutation]
 57834 | Slime:5  | Lost mutation: You are weak. (Str -2) [potion of mutation]
 57834 | Slime:5  | Gained mutation: Your system is resistant to poisons.
                  | (rPois) [potion of mutation]
 57834 | Slime:5  | Gained mutation: Your movements are slightly less
                  | encumbered by armour. (ER -2) [potion of mutation]
 57836 | Slime:5  | Lost mutation: Your system is resistant to poisons. (rPois)
                  | [potion of mutation]
 57836 | Slime:5  | Lost mutation: Your movements are slightly less encumbered
                  | by armour. (ER -2) [potion of mutation]
 57836 | Slime:5  | Lost mutation: Your mind is acute. (Int +2) [potion of
                  | mutation]
 57836 | Slime:5  | Gained mutation: Your spells are a little easier to cast,
                  | but a little less powerful. [potion of mutation]
 57836 | Slime:5  | Gained mutation: Your mind is acute. (Int +2) [potion of
                  | mutation]
 57836 | Slime:5  | Gained mutation: You have sharp toenails. [potion of
                  | mutation]
 57837 | Slime:5  | Lost mutation: Your mind is acute. (Int +2) [potion of
                  | mutation]
 57837 | Slime:5  | Lost mutation: You are occasionally teleported next to
                  | monsters. [potion of mutation]
 57837 | Slime:5  | Lost mutation: Your spells are a little easier to cast, but
                  | a little less powerful. [potion of mutation]
 57837 | Slime:5  | Gained mutation: You are robust. (+10% HP) [potion of
                  | mutation]
 57837 | Slime:5  | Lost mutation: You are robust. (+10% HP) [potion of
                  | mutation]
 57837 | Slime:5  | Gained mutation: You are robust. (+10% HP) [potion of
                  | mutation]
 58251 | Slime:5  | Gained mutation: Your movements are slightly less
                  | encumbered by armour. (ER -2) [a shining eye]
 58252 | Slime:5  | Gained mutation: Your body sometimes deteriorates upon
                  | taking damage. [a shining eye]
 58525 | Slime:5  | Noticed the Royal Jelly
 58527 | Slime:5  | Corrupted Slime:5
 59079 | Vaults:2 | Killed krystol's ghost
 59088 | Vaults:2 | Got an ancient silver amulet
 59099 | Vaults:2 | Identified the amulet of Afodevil {Acrobat +Fly} (You found
                  | it on level 2 of the Vaults)
 60344 | Depths:3 | Voluntarily entered the Abyss.
 60489 | Abyss:1  | Reached skill level 1 in Throwing
 60781 | Depths:3 | Escaped the Abyss
 61297 | Crypt:1  | Entered Level 1 of the Crypt
 61845 | Vaults:3 | Killed Nikola
 62118 | Vaults:3 | You fall into a shaft and drop 1 floor!
 62334 | Vaults:4 | Reached skill level 5 in Throwing
 63088 | Vaults:4 | Reached XP level 24. HP: 291/291 MP: 32/32
 66330 | Slime:3  | Reached skill level 10 in Throwing
 66333 | Slime:4  | Gained mutation: You are dopey. (Int -2) [a shining eye]
 66442 | Slime:4  | Paralysed by a great orb of eyes for 4 turns
 66459 | Slime:4  | Paralysed by a great orb of eyes for 5 turns
 66717 | Slime:5  | Found a viscous altar of Jiyva.
 66823 | Slime:5  | Killed the Royal Jelly
 67251 | Slime:5  | Identified the Volume of the Glacier
 67285 | Slime:5  | Identified the Tome of Cloudy Malediction
 67351 | Slime:5  | Got a slimy rune of Zot
 67368 | Slime:5  | Identified The Intricacies of Witchery
 67954 | Zot:1    | Entered Level 1 of the Realm of Zot
 67954 | Zot:1    | Found a runed translucent gate.
 67954 | Zot:1    | Found a runed translucent gate.
 67954 | Zot:1    | Found a runed translucent gate.
 67955 | Zot:1    | Noticed Juenlang's ghost (adept DDFi)
 68406 | Zot:1    | Corrupted Zot:1
 68413 | Zot:1    | Killed from afar by a golden dragon

Illustrated notes

Levels and vault maps discovered:
D:1:      sevenhm_arrival_forest_fort_small_3, layout_basic
D:2:      layout_loops_corners, tgw_trog, minivault_25, minmay_tetromino_s4
D:3:      layout_basic, first_ration, minmay_diced_spiral, uniq_grinder,
          uniq_natasha
D:4:      minmay_diamond_boxcup, layout_rooms, serial_shops, shop,
          ebering_ghost_sewer_f
D:5:      cheibrodos_fzero, layout_basic, minmay_temple_entry_mist,
          serial_shops, nicolae_shop_statue_plus, makhleb_altar_promises_db,
          uniq_sigmund
D:6:      layout_loops_corners
D:7:      layout_basic
D:8:      layout_rooms, lair_entry_dummy, kennysheep_generic_room_3, uniq_erica
D:9:      layout_grid_maze, uniq_joseph, uniq_pikel, uniq_erolcha, uniq_maggie
D:10:     layout_basic, serial_shops, shop
D:11:     layout_basic, uniq_psyche
D:12:     minmay_connected_boxes_in_corner, layout_loops_ring, erik_orc_3,
          serial_shops, shop
D:13:     minmay_wavy_crystal, layout_loops_ring, david_vaults_2, uniq_maurice
D:14:     layout_roguey, grunt_ogre_cave
D:15:     grunt_enter_depths_snipers, layout_basic,
          nicolae_tso_carved_into_rock, tgw_lugonu_bribe
Lair:1:   layout_small_grid, grunt_forest_large_clearing_hut,
          infiniplex_staircase_pool, serial_bayou_shore_a, serial_bayou_shore_b,
          grunt_megastairs_4
Lair:2:   layout_hall_layers, roderic_batcave, serial_bayou_pond_c,
          minmay_lair_oklob_items, chequers_serial_rivers_micro_c,
          grunt_forest_large_clearings
Lair:3:   layout_long_grid
Lair:4:   minmay_lair_oklob_tunnel, layout_concentric_octagons,
          elwin_shoals_entry_stream, spider_nest_entry_webs,
          chequers_serial_rivers_room_a, grunt_forest_small_clearings,
          serial_bayou_shore_b, grunt_megastairs_3, lemuel_fruit_fields
Lair:5:   layout_cave_pods, serial_bayou_ford_a, beast_lair_carwin_9
Lair:6:   evilmike_catoblepas_cave, layout_regular_city,
          nicolae_slime_entry_slimehenge, guppyfry_lair_drakes
Shoals:1: layout_shoals, ebering_ghost_xom, ldierk_geyser
Shoals:2: layout_shoals, nicolae_shoals_this_corrosion
Shoals:3: layout_shoals, uniq_ilsuiw, uniq_polyphemus
Shoals:4: shoals_end_simple, layout_shoals
Spider:1: nicolae_spider_mines_2
Spider:2: layout_spider_delve, portal_ice_cave_entry_frozen_things, drop_trap,
          uniq_agnes
Spider:3: layout_spider_delve, uniq_arachne, uniq_mara, uniq_jorgrun
Spider:4: spider_rune_water
Slime:1:  cheibrodos_slime_lost_civilization_2, layout_caves
Slime:2:  layout_caves, nicolae_slime_round_cave
Slime:3:  layout_caves
Slime:4:  layout_caves
Slime:5
Orc:1:    layout_diamond_mine, serial_shops, shop_coins
Orc:2:    st_orc_elflike, layout_caves, basic_altar
Elf:1:    elf_arrival_001, layout_loops_corners, hangedman_elf_represent
Elf:2:    layout_geoelf_octagon, serial_shops, shop, lemuel_elevator,
          uniq_donald
Elf:3:    minmay_elf_hall_not_hex, layout_gridlike, serial_glass,
          glass_columns_a, glass_columns_b, glass_columns_c, glass_columns_a,
          glass_columns_a, glass_columns_b, glass_columns_c, glass_columns_a,
          glass_columns_a, glass_columns_b, glass_columns_b, glass_columns_a,
          glass_columns_a, glass_columns_b
Vaults:1: ebering_vaults_ghost_disaster_area, hangedman_vaults_capsules,
          nicolae_vaults_arrows, vaults_standard_mumra_lines,
          vaults_room_ringed_pool, hangedman_vaults_hat, v_pattern_1,
          ontoclasm_vaults_eye, v_misc_15, layout_vaults_chaotic_city
Vaults:2: gammafunk_vaults_ghost_split, nicolae_vaults_little_ls, v_misc_3,
          hangedman_vaults_stretched_pinwheel,
          minmay_crypt_entry_simple_corners, ontoclasm_vaults_decontamination,
          hangedman_vaults_corner_blocks, grunt_vaults_hallway_long,
          nicolae_vaults_alarming, nicolae_vaults_ninety_degrees,
          v_alt_pattern_2, vaults_mumra_minichess, grunt_vaults_focal,
          vaults_standard_mumra_enter_the_diamond, vaults_room_door_ring,
          layout_vaults_maze_snakey, serial_shops, shop, shop, shop,
          uniq_frederick
Vaults:3: hangedman_vaults_corner_blocks, v_misc_4,
          nicolae_vaults_know_your_exits,
          nicolae_vaults_windows_and_doors_thing, v_misc_29,
          hangedman_vaults_variations, hangedman_vaults_slither,
          nicolae_vaults_mini_display_case, ontoclasm_vaults_hangar,
          vaults_mumra_chevron_long, vaults_dpeg_hooks, ontoclasm_vaults_fault,
          ontoclasm_vaults_misaligned, layout_vaults_omnibox, uniq_nikola
Vaults:4: v_misc_31, ontoclasm_vaults_tryst, grunt_vaults_swirl,
          layout_vaults_omnigrid
Crypt:1:  layout_misc_corridors
Depths:1: layout_basic, minmay_misc_feat_roman, pf_hell_entry_tar_river,
          chequers_serial_rivers_room_a, nicolae_blasting_shop,
          lemuel_statue_altar, minmay_shoptagon, serial_bayou_shore_b
Depths:2: hangedman_slaughterboxes, hell_entry
Depths:3: grunt_deathspiral_small, layout_cave_pools,
          grunt_pan_entry_in_and_out, hell_entry, abyss_entry,
          infiniplex_staircase_pool_2, uniq_asterion
Depths:4: evilmike_negative_zone, layout_cave_shapes, enter_ziggurat_e,
          small_statue_intersection, grunt_metal_band,
          nicolae_abyss_entry_one_way_or_another, guppyfry_shop_earth
Depths:5: grunt_crosshair, layout_gridlike, hell_entry, enter_trove_1,
          minivault_14
Zot:1:    layout_twisted_circle, gammafunk_ghost_necromancy

Skill      XL: |  1  2  3  4  5  6  7  8  9 10 11 12 13 14 15 16 17 18 19 20 21 22 23 24 |
---------------+-------------------------------------------------------------------------+-----
Unarmed Combat | 3 5 7 8 10 12 14 15 18 | 18.0
Fighting       | 3 4 5 7 10 12 13 15 16 17 19 20 | 20.1
Shields        | 8 9 11 14 | 14.0
Invocations    | 6 8 9 11 13 14 | 14.0
Dodging        | 4 6 7 8 9 11 12 14 15 | 15.0
Armour         | 3 6 7 8 9 11 12 14 15 | 15.0
Throwing       | 8 11 | 11.9

Action                   |  1- 3 |  4- 6 |  7- 9 | 10-12 | 13-15 | 16-18 | 19-21 | 22-24 || total
-------------------------+-------+-------+-------+-------+-------+-------+-------+-------++-------
Melee: Unarmed           |   136 |   110 |   317 |   675 |  1226 |  1210 |  1509 |  2055 ||  7238
       Punch             |       |     2 |       |       |       |       |       |       ||     2
       Kick              |       |       |    46 |   185 |   402 |   408 |   632 |   808 ||  2481
       Peck              |       |       |    26 |   116 |   244 |   275 |   396 |   196 ||  1253
Throw: Javelin           |       |       |       |       |       |       |       |    11 ||    11
Invok: Banish            |       |       |       |       |    23 |    20 |     4 |    26 ||    73
       Corrupt           |       |       |       |       |     2 |     3 |     4 |     3 ||    12
       Depart the Abyss  |       |       |       |       |     1 |       |     1 |     1 ||     3
       Bend Space        |       |       |       |       |     2 |     2 |     5 |     1 ||    10
       Enter the Abyss   |       |       |       |       |       |       |     1 |       ||     1
Evoke: Wand              |       |       |       |       |    10 |    11 |     6 |     8 ||    35
       Box of beasts     |       |       |       |       |       |     1 |       |       ||     1
       Lightning rod     |       |       |       |       |       |       |     2 |       ||     2
  Use: Scroll            |     7 |       |     3 |     2 |    14 |     4 |    20 |    10 ||    60
       Potion            |     1 |       |     5 |     4 |     3 |     7 |     8 |     8 ||    36
 Stab: Sleeping          |     2 |       |     3 |     1 |       |       |     1 |       ||     7
       Confused          |       |       |       |       |     1 |     7 |     1 |       ||     9
       Petrifying        |       |       |       |       |       |     2 |       |       ||     2
       Petrified         |       |       |       |       |       |     2 |       |       ||     2
       Distracted        |       |       |       |       |       |       |     1 |     1 ||     2
  Eat: Ration            |     1 |     1 |     5 |     6 |    16 |    13 |    15 |    22 ||    79
Armor: Robe              |    55 |    38 |    75 |    20 |       |       |       |       ||   188
       Steam dragon scal |       |       |       |   215 |   329 |   185 |    66 |       ||   795
       Fire dragon scale |       |       |       |       |       |     3 |       |       ||     3
       Shadow dragon sca |       |       |       |       |       |       |   179 |       ||   179
       Gold dragon scale |       |       |       |       |       |       |   131 |   919 ||  1050
Dodge: Dodged            |    65 |    51 |    66 |   263 |   575 |   327 |   402 |   371 ||  2120
Block: Kite shield       |       |       |   125 |   349 |   592 |   605 |   863 |    29 ||  2563
       Reflection        |       |       |       |       |    17 |    51 |    81 |    54 ||   203
       Tower shield      |       |       |       |       |       |       |       |  2161 ||  2161

Table legend:
 A = Non-vault XP
 B = Vault XP
 C = Vault XP percentage of total XP
 D = Non-vault monster count
 E = Vault monster count
 F = Vault count percentage of total count
                 A         B        C        D         E       F
            +---------+---------+-------+---------+---------+-------
      Total |  593314 |  461257 |  43.7 |    1383 |     674 |  32.8
            +---------+---------+-------+---------+---------+-------
        D:1 |      45 |       0 |   0.0 |      29 |       0 |   0.0
        D:2 |      38 |       3 |   7.3 |      15 |       2 |  11.8
        D:3 |     330 |     326 |  49.7 |      29 |       5 |  14.7
        D:4 |     438 |     289 |  39.8 |      31 |      12 |  27.9
        D:5 |     885 |     860 |  49.3 |      28 |      11 |  28.2
        D:6 |     730 |       0 |   0.0 |      16 |       0 |   0.0
        D:7 |     571 |       0 |   0.0 |      14 |       0 |   0.0
        D:8 |    2321 |     979 |  29.7 |      24 |       2 |   7.7
        D:9 |    1530 |    2535 |  62.4 |      27 |       4 |  12.9
       D:10 |    1508 |       0 |   0.0 |      21 |       0 |   0.0
       D:11 |    4343 |     424 |   8.9 |      27 |       1 |   3.6
       D:12 |    6325 |    6941 |  52.3 |      37 |      33 |  47.1
       D:13 |    6701 |    2513 |  27.3 |      26 |       7 |  21.2
       D:15 |    3613 |    2318 |  39.1 |       8 |       3 |  27.3
     Lair:1 |    4542 |    4452 |  49.5 |      19 |      32 |  62.7
     Lair:2 |     570 |    2492 |  81.4 |       3 |      28 |  90.3
     Lair:3 |    7703 |       0 |   0.0 |      23 |       0 |   0.0
     Lair:4 |   11295 |    5632 |  33.3 |      37 |      20 |  35.1
     Lair:5 |    5236 |    2261 |  30.2 |      16 |       6 |  27.3
     Lair:6 |    6471 |   13279 |  67.2 |      22 |      33 |  60.0
   Shoals:1 |   15372 |       0 |   0.0 |      36 |       0 |   0.0
   Shoals:2 |   13135 |     481 |   3.5 |      27 |       1 |   3.6
   Shoals:3 |   10613 |    7198 |  40.4 |      24 |       8 |  25.0
   Shoals:4 |   14109 |   20194 |  58.9 |      25 |      32 |  56.1
   Spider:1 |   17694 |    2980 |  14.4 |      56 |      10 |  15.2
   Spider:2 |   23820 |    2828 |  10.6 |      57 |       3 |   5.0
   Spider:3 |   12981 |   14895 |  53.4 |      30 |       3 |   9.1
   Spider:4 |    4687 |   15994 |  77.3 |      12 |      30 |  71.4
    Slime:1 |   16502 |       0 |   0.0 |      31 |       0 |   0.0
    Slime:2 |    8952 |    7319 |  45.0 |      11 |       5 |  31.2
    Slime:3 |    7322 |     131 |   1.8 |      22 |       1 |   4.3
    Slime:4 |   15565 |    5492 |  26.1 |      36 |       4 |  10.0
    Slime:5 |   17320 |   31108 |  64.2 |      23 |      10 |  30.3
      Orc:1 |    1948 |       0 |   0.0 |      22 |       0 |   0.0
      Orc:2 |    1330 |     775 |  36.8 |      34 |       7 |  17.1
      Elf:1 |   12582 |    7756 |  38.1 |      19 |      12 |  38.7
      Elf:2 |   21956 |    4378 |  16.6 |      39 |       5 |  11.4
      Elf:3 |   17227 |       0 |   0.0 |      29 |       0 |   0.0
   Vaults:1 |    9031 |   22124 |  71.0 |      15 |      46 |  75.4
   Vaults:2 |   18577 |   29467 |  61.3 |      34 |      34 |  50.0
   Vaults:3 |   18049 |   38979 |  68.4 |      28 |      50 |  64.1
   Vaults:4 |   39594 |   12228 |  23.6 |      75 |      12 |  13.8
    Crypt:1 |    1177 |       0 |   0.0 |       2 |       0 |   0.0
   Depths:1 |   39129 |   20870 |  34.8 |      55 |      22 |  28.6
   Depths:2 |    7794 |   90946 |  92.1 |      14 |      85 |  85.9
   Depths:3 |   38446 |   40425 |  51.3 |      41 |      47 |  53.4
   Depths:4 |   33993 |    6683 |  16.4 |      38 |       9 |  19.1
   Depths:5 |   51117 |   21681 |  29.8 |      48 |      16 |  25.0
      Zot:1 |   17238 |       0 |   0.0 |      10 |       0 |   0.0
    Abyss:1 |   17826 |       0 |   0.0 |      33 |       0 |   0.0
    Abyss:3 |    3033 |    3035 |  50.0 |       5 |       1 |  16.7
      IceCv |       0 |    7986 | 100.0 |       0 |      22 | 100.0
            +---------+---------+-------+---------+---------+-------
